 Dungeon Crawl Stone Soup version 0.25-a0-927-g39f137c8b7 (webtiles) character file.

Game seed: 5099752902203678625, levelgen mode: deterministic

1246 Maedhros the Martial Artist (level 8, -4/52 HPs)
             Began as an Octopode Artificer on May 3, 2020.
             Was a Believer of Qazlal.
             Slain by an orc warrior
             ... wielding a +0 long sword
              (17 damage)
             ... on level 6 of the Dungeon.
             The game lasted 00:09:23 (6134 turns).

Maedhros the Martial Artist (Octopode Artificer)    Turns: 6134, Time: 00:09:24

Health: -4/52      AC:  1    Str:  9 (10) XL:     8   Next: 50%
Magic:  10/10      EV: 15    Int: 15      God:    Qazlal [**....]
Gold:   469        SH:  2    Dex: 14      Spells: 7/7 levels left

rFire    . . .     SeeInvis .     - Unarmed
rCold    . . .     Gourm    +   (no shield)
rNeg     + . .     Faith    .   (helmet restricted)
rPois    .         Spirit   .   y - amulet of the gourmand
rElec    .         Reflect  .   r - +2 ring of intelligence
rCorr    .         Harm     .   t - -2 ring of strength (curse)
MR       .....                  v - ring of positive energy
Stlth    +++.......             (no ring)
HPRegen  0.17/turn              (no ring)
MPRegen  0.12/turn              (no ring)
                                (no ring)
                                (no ring)

@: no status effects
A: almost no armour, stealthy swim, amphibious, 8 rings, constrict 8, camouflage
1, gelatinous body 1
a: Upheaval, Renounce Religion


You were on level 6 of the Dungeon.
You worshipped Qazlal.
Qazlal was pleased with you.
You were not hungry.

You visited 2 branches of the dungeon, and saw 7 of its levels.
You also visited: Ossuary.

You collected 469 gold pieces.

Inventory:

Hand Weapons
 D - a +0 rapier of speed
Missiles
 g - 17 poisoned darts (quivered)
Jewellery
 r - a +2 ring of intelligence (left tentacle)
 t - a cursed -2 ring of strength (right tentacle)
 v - a ring of positive energy (on tentacle)
 y - an amulet of the gourmand (around mantle)
Wands
 a - a wand of polymorph (10)
 b - a wand of flame (25)
 c - a wand of enslavement (2)
 z - a wand of scattershot (4)
 B - a wand of disintegration (5)
Scrolls
 e - 3 scrolls of enchant armour {unknown}
 h - 6 scrolls of identify
 k - 8 scrolls of teleportation {unknown}
 n - a scroll of fear
 q - 2 scrolls of immolation {unknown}
 u - 2 scrolls of magic mapping {unknown}
 w - a scroll of remove curse
Potions
 d - a potion of resistance {unknown}
 i - 2 potions of flight
 j - 2 potions of heal wounds
 l - a potion of haste
 m - 3 potions of invisibility {unknown}
 o - 2 potions of lignification {unknown}
 p - a potion of brilliance {unknown}
 s - 3 potions of curing
 x - 2 potions of might {unknown}
 A - a potion of mutation {unknown}
 C - a potion of cancellation {unknown}
Comestibles
 f - 10 rations


   Skills:
 + Level 3.5 Fighting
 - Level 1.0 Short Blades
 + Level 3.9 Dodging
 - Level 4.0 Stealth
 - Level 8.1 Unarmed Combat
 - Level 3.2 Evocations


You had 7 spell levels left.
You didn't know any spells.
Your spell library contained the following spells:

 Spells                   Type           Power        Failure   Level  Hunger
 Corona                   Hex            #......      26%         1    ##.....
 Ensorcelled Hibernation  Hex/Ice        #.....       38%         2    ###....
 Confusing Touch          Hex            #.......     63%         3    ####...
 Dazzling Flash           Conj/Hex       #.....       63%         3    ####...
 Tukima's Dance           Hex            #.......     63%         3    ####...


Dungeon Overview and Level Annotations

Branches:
Dungeon (6/15)             Temple (1/1) D:4         Ossuary (visited)

Altars:
Ashenzari
Dithmenos
Elyvilon
Fedhas
Hepliaklqana
Kikubaaqudgha
Makhleb
Nemelex Xobeh
Okawaru
Qazlal
Ru
Sif Muna
Trog
Uskayaw
Wu Jian
The Shining One

Shops:
D:5 %

Annotations:
D:4 2 transporters


Innate Abilities, Weirdness & Mutations

You cannot wear most types of armour.
You are very stealthy in the water. (Stealth+)
You are amphibious.
You can wear up to eight rings at the same time.
You can use your tentacles to constrict eight enemies at once.
Your skin changes colour to match your surroundings (Stealth+).
Your rubbery body absorbs attacks. (AC +1, EV +1)


Message History

Evoke which item? (* to show all) (? for menu, Esc to quit)
Aiming: Throw Flame
Press: ? - help, Shift-Dir - straight line, f/p - orc warrior
Aim: an orc warrior, wielding a +0 long sword and wearing a +0 plate armour (heavily wounded, constricted by you)
You constrict the orc warrior.
Evoke which item? (* to show all) (? for menu, Esc to quit)
Aiming: Disintegrate
Press: ? - help, Shift-Dir - straight line, f/p - orc warrior
Aim: an orc warrior, wielding a +0 long sword and wearing a +0 plate armour (severely wounded, constricted by you, chance to defeat MR: 78%)
The orc warrior barely resists.
You constrict the orc warrior, but do no damage.
The orc warrior misses you.
Evoke which item? (* to show all) (? for menu, Esc to quit)
Aiming: Disintegrate
Press: ? - help, Shift-Dir - straight line, f/p - orc warrior
Aim: an orc warrior, wielding a +0 long sword and wearing a +0 plate armour (severely wounded, constricted by you, chance to defeat MR: 78%)
The orc warrior barely resists.
You constrict the orc warrior, but do no damage.
The orc warrior hits you with a +0 long sword!
You die...

####.########
#.......
#..).)).....#
#.###...
#.##.######.## #.#
#.## #. #.....# #.#
#.# #. #.##..#
#.###.## .. #.#.#.##
#....... ## #..###.#
#####.## #o#.#.##
#.## #@##..# #..#
#.....# ##.# ####.##
#.# ###.# #.# ##.#.#
##.#
####....##########...
+....................
####....##########<..
##W#.# ##.#


You could see an orc warrior.

Vanquished Creatures
  An ice beast (D:5)
  An ogre (D:4)
  A phantom (D:4)
  Blork the orc (D:6)
  A hound (D:4)
  A wyvern zombie (D:6)
  A scorpion (D:4)
  A crimson imp (D:6)
  2 orc priests (D:3)
  A centaur skeleton (D:4)
  4 orc wizards
  A bullfrog skeleton (D:6)
  Terence (D:2)
  A worker ant (D:4)
  Natasha (thrice) (D:2)
  An iguana (D:4)
  A big kobold zombie (Ossuary)
  7 mummies (Ossuary)
  8 adders
  4 gnolls (D:4)
  2 oozes
  2 worms
  2 dart slugs
  4 leopard geckos
  12 orcs
  13 bats
  10 giant cockroaches
  3 gnoll zombies (Ossuary)
  6 goblins
  5 hobgoblins
  9 jackals (D:3)
  11 kobolds
  2 quokkas
  A ball python (D:3)
  5 frilled lizards
  A hobgoblin zombie (Ossuary)
  3 jackal skeletons (D:4)
  2 kobold zombies (Ossuary)
  An orc zombie (Ossuary)
  10 rats
146 creatures vanquished.

Vanquished Creatures (collateral kills)
  An orc wizard (D:6)
  A mummy (Ossuary)
  An orc (D:6)
  A giant cockroach (D:3)
4 creatures vanquished.

Vanquished Creatures (others)
  An ogre (D:4)
  A howler monkey (D:4)
  A worker ant (D:4)
3 creatures vanquished.

Grand Total: 153 creatures vanquished

Notes
Turn   | Place    | Note
-------+----------+-------------------------------------------
     0 | D:1      | Maedhros the Octopode Artificer began the quest for the
                  | Orb.
     0 | D:1      | Reached XP level 1. HP: 13/13 MP: 3/3
    43 | D:2      | Noticed Terence
    51 | D:2      | Killed Terence
    51 | D:2      | Reached XP level 2. HP: 16/18 MP: 4/4
    51 | D:2      | Reached XP level 3. HP: 21/23 MP: 5/5
    87 | D:2      | Reached skill level 1 in Unarmed Combat
   525 | D:3      | Reached skill level 2 in Unarmed Combat
   957 | D:3      | Reached XP level 4. HP: 25/28 MP: 6/6
  1017 | D:3      | Found a sacrificial altar of Ru.
  1030 | D:3      | Reached skill level 3 in Unarmed Combat
  1095 | D:3      | Reached XP level 5. HP: 14/33 MP: 7/7
  1111 | D:3      | Reached skill level 4 in Unarmed Combat
  1420 | D:5      | Entered Level 5 of the Dungeon
  1432 | D:5      | Noticed an ice beast
  1438 | D:5      | Killed an ice beast
  1438 | D:5      | Reached skill level 5 in Unarmed Combat
  1438 | D:5      | Reached XP level 6. HP: 33/38 MP: 8/8
  1460 | D:5      | Found a sparkling altar of Nemelex Xobeh.
  1522 | D:6      | Found a sand-covered staircase.
  1528 | Ossuary  | Entered an ossuary
  2093 | D:6      | Reached skill level 6 in Unarmed Combat
  2190 | D:6      | Reached XP level 7. HP: 16/43 MP: 9/9
  2199 | D:6      | Noticed Blork the orc
  2208 | D:6      | Killed Blork the orc
  2458 | D:6      | Found a blossoming altar of Fedhas.
  2669 | D:5      | Reached skill level 7 in Unarmed Combat
  2764 | D:5      | Found Xyvarac's Food Shoppe.
  3141 | D:4      | Found a transporter.
  3142 | D:4      | Found a transporter.
  3153 | D:4      | Found a hazy altar of Hepliaklqana.
  3164 | D:4      | Noticed a two-headed ogre
  3166 | D:4      | Found a shattered altar of Ashenzari.
  3198 | D:4      | Found a staircase to the Ecumenical Temple.
  3242 | Temple   | Entered the Ecumenical Temple
  3283 | Temple   | Became a worshipper of Qazlal Stormbringer
  3715 | D:3      | Reached skill level 8 in Unarmed Combat
  4310 | D:2      | Noticed Natasha
  4315 | D:2      | Reached XP level 8. HP: 41/48 MP: 10/10
  4320 | D:2      | Killed Natasha
  4353 | D:2      | Reached * piety under Qazlal
  4391 | D:2      | Noticed Natasha
  4395 | D:2      | Killed Natasha
  4414 | D:2      | Noticed Natasha
  4423 | D:2      | Killed Natasha
  5375 | D:4      | Found an ancient bone altar of Kikubaaqudgha.
  5415 | D:4      | Reached ** piety under Qazlal
  5470 | D:4      | Found a hide-covered altar of Uskayaw.
  5689 | D:4      | Found a shadowy altar of Dithmenos.
  6134 | D:6      | Slain by an orc warrior

Levels and vault maps discovered:
D:1:      tarquinn_simple_flora_water_b, layout_rooms
D:2:      layout_basic, minmay_cut_off, uniq_natasha, uniq_terence
D:3:      layout_loops_corners, grunt_ministairs_2, hex_medium,
          nicolae_ru_great_annihilating_truth
D:4:      layout_gridville, old_standard_altar, gammafunk_temple_overflow_arena,
          overflow_temple_1_default, lemuel_round_altar,
          eat_drink_and_be_merry_uskayaw, minmay_temple_entry_glass,
          first_ration, minmay_crystal_room, kennysheep_generic_room_6
D:5:      layout_rooms, nemelex_xobeh_ov_fountains_minmay, serial_shops, shop
D:6:      layout_loops_corners, fedhas_altar_4, nicolae_ossuary_entry_ruins,
          minmay_misc_feat_rows, trog_three_pillars_becter, uniq_blork_the_orc
Temple:   jpeg_temple_island

Skill      XL: |  1  2  3  4  5  6  7  8 |
---------------+-------------------------+-----
Stealth        | 4 |  4.0
Unarmed Combat | 2 3 5 6 8 |  8.1
Fighting       | 3 |  3.5
Dodging        | 3 |  3.9
Short Blades   | |  1.0
Evocations     | |  3.2

Action                   |  1- 3 |  4- 6 |  7- 9 || total
-------------------------+-------+-------+-------++-------
Melee: Short sword       |    44 |    67 |   111 ||   222
       Constrict         |     9 |    18 |    59 ||    86
       Tentacles         |     2 |    18 |    38 ||    58
       Punch             |       |     1 |    10 ||    11
       Unarmed           |       |       |   133 ||   133
Evoke: Wand              |       |    37 |    21 ||    58
  Use: Potion            |       |     3 |     3 ||     6
       Scroll            |       |     4 |       ||     4
 Stab: Sleeping          |     7 |     4 |     9 ||    20
       Distracted        |       |     2 |       ||     2
       Paralysed         |       |     1 |     3 ||     4
  Eat: Chunk             |       |     1 |    10 ||    11
       Ration            |       |     1 |     1 ||     2
Armor: Skin              |     6 |     4 |     8 ||    18
Dodge: Dodged            |    18 |    38 |   139 ||   195
Block: Other             |       |       |     5 ||     5

Table legend:
 A = Non-vault XP
 B = Vault XP
 C = Vault XP percentage of total XP
 D = Non-vault monster count
 E = Vault monster count
 F = Vault count percentage of total count
                 A         B        C        D         E       F
            +---------+---------+-------+---------+---------+-------
      Total |    1344 |     437 |  24.5 |     121 |      29 |  19.3
            +---------+---------+-------+---------+---------+-------
        D:1 |      36 |       0 |   0.0 |      21 |       0 |   0.0
        D:2 |     135 |      98 |  42.1 |      24 |       5 |  17.2
        D:3 |     223 |      58 |  20.6 |      37 |       6 |  14.0
        D:4 |     519 |      35 |   6.3 |      19 |       1 |   5.0
        D:5 |     141 |       0 |   0.0 |       6 |       0 |   0.0
        D:6 |     290 |      94 |  24.5 |      14 |       1 |   6.7
    Ossuary |       0 |     152 | 100.0 |       0 |      16 | 100.0
            +---------+---------+-------+---------+---------+-------
